 Dungeon Crawl Stone Soup version 0.31-a0-879-g1609e0ac53 (webtiles) character file.

Game seed: 8506630923300402495

10597 gruber the Geomancer (level 11, -1/86 HPs)
             Began as a Demigod Earth Elementalist on Oct 14, 2023.
             Slain by a red devil
             ... wielding a +0 trident
             ... summoned by Frances
              (4 damage)
             ... on level 12 of the Dungeon.
             The game lasted 00:16:47 (8371 turns).

gruber the Geomancer (Demigod Earth Elementalist)   Turns: 8371, Time: 00:16:48

Health: -1/86      AC: 14    Str:  9    XL:     11   Next: 16%
Magic:  1/23       EV: 14    Int: 29    God:
Gold:   748        SH:  0    Dex: 22    Spells: 13/21 levels left

rFire   + . .        F - +7 scimitar of the Hurting Mosquito {drain, rElec Will+ Dex+6}
rCold   + . .        (no shield)
rNeg    . . .        N - +0 robe {rF+}
rPois   .            (no helmet)
rElec   +            u - +2 cloak
rCorr   +            K - +0 pair of gloves
SInv    .            n - +3 pair of seven-league boots {Rampage+∞}
Will    +++..        p - amulet of magic regeneration
Stlth   ++           v - +4 ring of protection
HPRegen 0.34/turn    P - ring "Deblialu" {rC+ Will+ rCorr Dex+2}
MPRegen 0.58/turn

%: rampage+∞
@: spiked
A: high MP 1, forlorn, divine attributes
a: no special abilities


You were on level 12 of the Dungeon.
You visited 1 branch of the dungeon, and saw 10 of its levels.
You also visited: Ossuary and Bailey.

You collected 982 gold pieces.
You spent 234 gold pieces at shops.

Inventory:

Hand Weapons
 F - the +7 scimitar of the Hurting Mosquito (weapon) {drain, rElec Will+ Dex+6}
   (You bought it in a shop on level 3 of the Dungeon)

   Dex+6:     It affects your dexterity (+6).
   rElec:     It insulates you from electricity.
   Will+:     It increases your willpower.
Missiles
 D - a throwing net
Armour
 n - the +3 pair of seven-league boots (worn) {Rampage+∞}
   (You acquired it on level 9 of the Dungeon)

   Rampage+∞: When moving toward enemies, its wearer moves as far as possible,
   alerting their target en route.
 u - a +2 cloak (worn)
 K - a +0 pair of gloves (worn)
 N - a +0 robe of fire resistance (worn)
Magical Staves
 f - a staff of conjuration
Jewellery
 i - a +4 ring of slaying
 p - an amulet of magic regeneration (around neck)
 v - a +4 ring of protection (left hand)
 I - a ring of see invisible
 P - the ring "Deblialu" (right hand) {rC+ Will+ rCorr Dex+2}
   (You acquired it on level 9 of the Dungeon)

   [ring of protection from cold]

   Dex+2:     It affects your dexterity (+2).
   rC+:       It protects you from cold.
   Will+:     It increases your willpower.
   rCorr:     It protects you from acid and corrosion.
Wands
 a - a wand of flame (1)
 y - a wand of charming (4)
 E - a wand of mindburst (7)
 L - a wand of iceblast (5)
Scrolls
 d - 4 scrolls of enchant armour {unknown}
 e - a scroll of amnesia {unknown}
 h - 4 scrolls of noise {unknown}
 k - a scroll of immolation {unknown}
 l - 5 scrolls of identify {unknown}
 m - a scroll of brand weapon {unknown}
 o - 2 scrolls of silence {unknown}
 r - a scroll of teleportation {unknown}
 t - 2 scrolls of revelation {unknown}
 x - a scroll of poison {unknown}
 O - a scroll of fear {unknown}
 Q - a scroll of blinking {unknown}
Potions
 b - 2 potions of magic
 c - 4 potions of enlightenment {unknown}
 g - 4 potions of might {unknown}
 j - a potion of lignification {unknown}
 q - 2 potions of degeneration {unknown}
 s - a potion of curing {unknown}
 w - 2 potions of ambrosia {unknown}
 z - a potion of cancellation {unknown}
 A - 2 potions of mutation {unknown}
 B - a potion of resistance {unknown}
 C - 2 potions of attraction {unknown}
 G - a potion of brilliance {unknown}
 H - a potion of berserk rage {unknown}
 J - a potion of heal wounds {unknown}
 M - a potion of haste {unknown}


   Skills:
 - Level 5.1 Fighting
 - Level 6.6 Long Blades
 - Level 3.0 Armour
 - Level 4.1 Dodging
 - Level 1.7 Stealth
 * Level 5.6 Spellcasting
 - Level 5.2 Conjurations
 - Level 0.8 Transmutations
 - Level 11.0 Earth Magic


You had 13 spell levels left.
You knew the following spells:

 Your Spells              Type           Power      Damage    Failure   Level
a - Sandblast             Erth           100%       2d20      1%          1
b - Stone Arrow           Conj/Erth      100%       3d13      1%          3
c - Brom's Barrelling Bo  Conj/Erth      53%        2d7       1%          4

Your spell library contained the following spells:

 Spells                   Type           Power      Damage    Failure   Level
 Foxfire                  Conj/Fire      92%        2x1d8     1%          1
 Shock                    Conj/Air       92%        1d8       1%          1
 Passwall                 Tmut/Erth      35%        N/A       1%          2
 Sting                    Tmut/Pois      40%        1d5       4%          1
 Petrify                  Tmut/Erth      42%        N/A       4%          4
 Freeze                   Ice            32%        1d5       6%          1
 Wereblood                Tmut           13%        N/A       6%          2
 Hailstorm                Conj/Ice       23%        3d7       6%          3
 Ensorcelled Hibernation  Hex/Ice        16%        N/A       9%          2
 Jinxbite                 Hex            16%        N/A       9%          2
 Poisonous Vapours        Pois/Air       16%        N/A       9%          2
 Sublimation of Blood     Necr           8%         N/A       9%          2
 Ignite Poison            Fire/Tmut/Pois 9%         N/A       16%         3
 Frozen Ramparts          Ice            16%        1d3       19%         3
 Tukima's Dance           Hex            8%         N/A       19%         3
 Iskenderun's Mystic Bla  Conj/Tloc      23%        2d6       21%         4
 Anguish                  Hex/Necr       4%         N/A       52%         4
 Dimensional Bullseye     Hex/Tloc       4%         N/A       52%         4
 Olgreb's Toxic Radiance  Pois           8%         N/A       52%         4
 Summon Ice Beast         Ice/Summ       8%         N/A       52%         4
 Simulacrum               Ice/Necr       4%         N/A       100%        6
 Summon Hydra             Summ           4%         N/A       100%        7


Dungeon Overview and Level Annotations

Branches:
Dungeon (9/15)             Temple (0/1) D:7            Lair (0/5) D:8
    Orc (0/2) D:12        Ossuary (visited)          Bailey (visited)

Shops:
D:3 !*

Annotations:
D:12 Frances


Innate Abilities, Weirdness & Mutations

You have an increased reservoir of magic. (+10% MP)
You shall have no god before yourself.
Your divine heritage dramatically boosts your attributes as you level up.


Message History

Aim: Frances, wielding a +0 war axe and wearing a +0 ring mail (heavily wounded, 81% to hit)
The stone arrow misses Frances.
The red devil closely misses you. Frances misses you.
Unknown command.
Unknown command.
Casting: Stone Arrow (safe; 1% risk of failure)
Confirm with . or Enter, or press ? or * to list all spells.
Aiming: Stone Arrow (safe; 1% risk of failure)
Press: ? - help, Shift-Dir - straight line, f/p - Frances
Aim: Frances, wielding a +0 war axe and wearing a +0 ring mail (heavily wounded, 81% to hit)
The stone arrow hits Frances!
Frances is heavily wounded.
The red devil hits you from afar with a +0 trident.
* * * LOW HITPOINT WARNING * * *
Barbed spikes become lodged in your body.
Frances closely misses you.
Unknown command.
Casting: Stone Arrow (safe; 1% risk of failure)
Confirm with . or Enter, or press ? or * to list all spells.
Aiming: Stone Arrow (safe; 1% risk of failure)
Press: ? - help, Shift-Dir - straight line, f/p - Frances
Aim: Frances, wielding a +0 war axe and wearing a +0 ring mail (heavily wounded, 81% to hit)
The stone arrow hits Frances!
Frances is severely wounded.
The red devil hits you from afar with a +0 trident!
* * * LOW HITPOINT WARNING * * *
Barbed spikes become lodged in your body.
Frances sneers.
Frances hits you with a +0 war axe.
* * * LOW HITPOINT WARNING * * *
Unknown command.
Casting: Stone Arrow (safe; 1% risk of failure)
Confirm with . or Enter, or press ? or * to list all spells.
Aiming: Stone Arrow (safe; 1% risk of failure)
Press: ? - help, Shift-Dir - straight line, f/p - Frances
Aim: Frances, wielding a +0 war axe and wearing a +0 ring mail (severely wounded, 81% to hit)
The stone arrow hits Frances!!
Frances is almost dead.
The red devil hits you from afar with a +0 trident.
You die...

...#####............###.
...# #...............#
...# #...........^...##
...# #................
..)#####..............##.
.........)...............
.........................
.........................
.........#####..@.###..!.
.........# #..@## ...
.........# #.4.# .
.........# #...#
.........#####....
..................
..................
...................
...#####........


You could see Frances and a red devil (summoned).

Vanquished Creatures
  Erica (D:9)
  2 two-headed ogres
  An orc high priest (Bailey)
  2 kobold demonologists
  2 komodo dragons (D:8)
  2 hornets
  A vampire (D:12)
  2 wyverns (D:9)
  3 steam dragons
  An acid dragon (D:12)
  7 water moccasins
  11 orc warriors
  2 sky beasts
  2 ice beasts
  2 ogres (D:4)
  6 centaurs
  A phantom (D:4)
  2 kobold brigands
  A bullfrog (D:6)
  2 scorpions
  8 wights
  9 killer bees
  2 electric eels (Bailey)
  A howler monkey (D:12)
  6 hounds
  A human zombie (Ossuary)
  5 jellies
  6 orc priests
  2 sleepcaps (D:6)
  2 iguanas
  Natasha (thrice) (D:3)
  7 orc wizards
  2 mummies (Ossuary)
  6 gnolls
  2 adders
  2 ufetubi (D:6)
  A worm (D:2)
  31 orcs
  4 ball pythons
  4 endoplasms
  3 giant cockroaches
  6 gnoll zombies (Ossuary)
  9 goblins
  16 hobgoblins
  2 jackals (D:1)
  A quokka (D:1)
  4 bats
  3 frilled lizards
  A goblin zombie (Ossuary)
  2 hobgoblin zombies (Ossuary)
  12 kobolds
  4 orc zombies (Ossuary)
  6 rats
226 creatures vanquished.

Vanquished Creatures (collateral kills)
  A cyclops (D:12)
  A kobold demonologist (D:12)
  A basilisk (D:12)
  An orc wizard (D:9)
  3 kobolds (D:12)
  4 boulders
11 creatures vanquished.

Vanquished Creatures (others)
  A boulder beetle (D:12)
  A troll (D:12)
  An orc wizard (D:12)
  8 boulders
11 creatures vanquished.

Grand Total: 248 creatures vanquished

Notes
Turn   | Place    | Note
-------+----------+-------------------------------------------
     0 | D:1      | gruber the Demigod Earth Elementalist began the quest for
                  | the Orb.
     0 | D:1      | Reached XP level 1. HP: 14/14 MP: 5/5
   143 | D:1      | Reached skill level 3 in Earth Magic
   241 | D:1      | Reached XP level 2. HP: 20/20 MP: 2/7
  1449 | D:3      | Reached XP level 3. HP: 26/26 MP: 6/8
  1477 | D:3      | Reached skill level 4 in Earth Magic
  1691 | D:3      | Found Goshryq's Distillery.
  1731 | D:3      | Found Deuduili's Assorted Antiques.
  1756 | D:3      | Noticed Natasha
  1764 | D:3      | Killed Natasha
  2044 | D:3      | Noticed Natasha
  2052 | D:3      | Killed Natasha
  2053 | D:3      | Reached XP level 4. HP: 23/33 MP: 6/9
  2103 | D:3      | Noticed Natasha
  2109 | D:3      | Killed Natasha
  2110 | D:3      | Reached skill level 5 in Earth Magic
  2221 | D:4      | Noticed a phantom
  2227 | D:4      | Killed a phantom
  2228 | D:4      | Reached XP level 5. HP: 29/38 MP: 8/10
  2283 | D:4      | Reached skill level 6 in Earth Magic
  2287 | D:4      | Learned a level 3 spell: Stone Arrow
  2354 | D:4      | Noticed an ogre
  2362 | D:4      | Killed an ogre
  2363 | D:4      | Reached XP level 6. HP: 7/45 MP: 6/11
  2774 | D:4      | Reached skill level 7 in Earth Magic
  3224 | D:5      | Entered Level 5 of the Dungeon
  3409 | D:5      | Noticed a water moccasin
  3416 | D:5      | Killed a water moccasin
  3417 | D:5      | Reached XP level 7. HP: 39/50 MP: 6/15
  3648 | D:5      | Reached skill level 1 in Conjurations
  4255 | D:6      | Reached skill level 5 in Conjurations
  4255 | D:6      | Reached XP level 8. HP: 57/57 MP: 14/16
  4475 | D:6      | Reached skill level 1 in Fighting
  4982 | D:7      | Reached skill level 5 in Fighting
  5015 | D:7      | Noticed a hornet
  5018 | D:7      | Killed a hornet
  5019 | D:7      | Reached XP level 9. HP: 74/74 MP: 11/17
  5365 | D:7      | Reached skill level 8 in Earth Magic
  5486 | D:3      | Bought a crude scimitar for 234 gold pieces
  5486 | D:3      | Identified the +7 scimitar of the Hurting Mosquito {drain,
                  | rElec Will+ Dex+6} (You bought it in a shop on level 3 of
                  | the Dungeon)
  5681 | D:7      | Found a staircase to the Ecumenical Temple.
  5687 | D:7      | Reached skill level 1 in Long Blades
  5774 | D:8      | Noticed a komodo dragon
  5793 | D:8      | Noticed a komodo dragon
  5823 | D:8      | Killed a komodo dragon
  5829 | D:8      | Learned a level 4 spell: Brom's Barrelling Boulder
  5895 | D:8      | Noticed a two-headed ogre
  5906 | D:8      | Killed a two-headed ogre
  5907 | D:8      | Reached skill level 5 in Long Blades
  5969 | D:8      | Found a sand-covered staircase.
  5974 | Ossuary  | Entered an ossuary
  6291 | D:8      | Found a staircase to the Lair.
  6296 | D:8      | Reached XP level 10. HP: 74/81 MP: 16/18
  6445 | D:8      | Reached skill level 9 in Earth Magic
  6725 | D:9      | Reached skill level 1 in Armour
  6877 | D:9      | Identified the +4 dagger of Fesmenuo {vamp, *Noise Str+7
                  | Int+2}
  6988 | D:9      | Found a flagged portal.
  7030 | Bailey   | Entered a bailey
  7172 | Bailey   | Noticed an orc high priest
  7177 | Bailey   | Noticed a smoke demon
  7178 | Bailey   | Noticed a smoke demon
  7180 | Bailey   | Killed an orc high priest
  7181 | Bailey   | Reached skill level 10 in Earth Magic
  7756 | D:9      | Acquired the ring "Deblialu" {rC+ Will+ rCorr Dex+2}
  7761 | D:9      | Acquired the +3 pair of seven-league boots {Rampage+∞}
  7761 | D:9      | Found the +3 pair of seven-league boots {Rampage+∞}
  7780 | D:9      | Noticed Erica
  7791 | D:9      | Killed Erica
  7792 | D:9      | Reached skill level 11 in Earth Magic
  7824 | D:9      | You fall into a shaft and drop 3 floors!
  7828 | D:12     | Noticed a cyclops
  7836 | D:12     | Found a staircase to the Orcish Mines.
  7836 | D:12     | Noticed a boulder beetle
  7853 | D:12     | Noticed a sun demon
  7856 | D:12     | Noticed a smoke demon
  7860 | D:12     | Noticed a rust devil
  7866 | D:12     | Noticed a two-headed ogre
  7874 | D:12     | Reached XP level 11. HP: 65/86 MP: 2/21
  7889 | D:12     | Reached skill level 5 in Spellcasting
  7905 | D:12     | Killed a two-headed ogre
  8254 | D:12     | Got a parchment book
  8360 | D:12     | Noticed Frances
  8370 | D:12     | HP: 4/86 [red devil/+0 trident[Frances] (12)]
  8371 | D:12     | Slain by a red devil

Illustrated notes

Levels and vault maps discovered:
D:1:      ncdulo_watergridlock, layout_rooms, serial_glass, glass_columns_c,
          glass_columns_a, hellmonk_ecumenical_altar_inner_sanctum,
          minmay_box_of_dots
D:2:      layout_loops_cross, basic_altar
D:3:      layout_basic, serial_shops, shop, shop, uniq_natasha
D:4:      layout_cave_pods, chequers_temple_overflow_minitemple,
          dreamdust_princess_bridge
D:5:      layout_basic
D:6:      layout_gridville, lemuel_round_altar
D:7:      layout_rooms, kennysheep_okawaru_gauntlet,
          minmay_temple_entry_offerings
D:8:      layout_cave_pools, due_lair_maze_entry_diamond, enter_ossuary_5
D:9:      cheibrodos_statue_roulette, layout_basic, enter_bailey_6, uniq_erica
D:12:     layout_big_octagon, orc_0_dummy, uniq_frances

Skill      XL: |  1  2  3  4  5  6  7  8  9 10 11 |
---------------+----------------------------------+-----
Earth Magic    | 3 4 5 6 7 8 11 | 11.0
Spellcasting   | 3 4 5 |  5.6
Conjurations   | 5 |  5.2
Dodging        | 4 |  4.1
Fighting       | 5 |  5.1
Long Blades    | 6 |  6.6
Armour         | 3 |  3.0
Stealth        | |  1.7
Transmutations | |  0.8

Action                     |  1- 3 |  4- 6 |  7- 9 | 10-12 || total
---------------------------+-------+-------+-------+-------++-------
  Melee: Unarmed           |     1 |       |       |       ||     1
         Staff             |       |     1 |     8 |       ||     9
         Scimitar          |       |       |     4 |    16 ||    20
   Cast: Sandblast         |    65 |    33 |   140 |    83 ||   321
         Stone Arrow       |       |     4 |    35 |    47 ||    86
         Brom's Barrelling |       |       |     3 |    14 ||    17
  Evoke: Wand              |       |       |       |     8 ||     8
    Use: Scroll            |       |       |       |     2 ||     2
 Armour: Robe              |    19 |    15 |    80 |    46 ||   160
         Leather armour    |       |       |       |    55 ||    55
  Dodge: Dodged            |    16 |    13 |    82 |   111 ||   222

Table legend: (Time is in decaauts)
 A = Elapsed time spent in this place.
 B = Non-inter-level travel time spent in this place.
 C = Inter-level travel time spent in this place.
 D = Time resting spent in this place.
 E = Time spent auto-exploring this place.
 F = Levels seen in this place.
 G = Mean time per level.
                   A        B        C        D        E       F      G
               +--------+--------+--------+--------+--------+-----+--------+
         Total |   8548 |   7909 |    639 |    364 |   5979 |  12 |  712.3 |
       Dungeon |   7671 |   7032 |    639 |    317 |   5414 |  10 |  767.1 |
       Ossuary |    114 |    114 |      0 |      0 |     54 |   1 |  114.0 |
        Bailey |    762 |    762 |      0 |     47 |    511 |   1 |  762.0 |
               +--------+--------+--------+--------+--------+-----+--------+

Top non-repeatable levels by time:
     D:4: 1120 daAuts
     D:5: 884 daAuts
     D:3: 840 daAuts
     D:8: 823 daAuts
     D:6: 823 daAuts
     D:7: 782 daAuts
     D:1: 772 daAuts
  Bailey: 762 daAuts
     D:2: 666 daAuts
    D:12: 549 daAuts
     D:9: 408 daAuts
 Ossuary: 114 daAuts
